 Dungeon Crawl Stone Soup version 0.29.1-2-gbd0b4ee654 (webtiles) character file.

Game seed: 10226899552512723075

214 safid the Shooter (level 5, -6/46 HPs)
             Began as a Minotaur Hunter on Nov 30, 2022.
             Mangled by Pikel
             ... wielding a +2 whip of freezing
              (9 damage)
             ... on level 4 of the Dungeon.
             The game lasted 00:03:46 (2939 turns).

safid the Shooter (Minotaur Hunter)                 Turns: 2939, Time: 00:03:46

Health: -6/46      AC:  9    Str: 16    XL:     5   Next: 60%
Magic:  4/4        EV: 10    Int:  6    God:
Gold:   143        SH:  0    Dex: 15    Spells: 4/4 levels left

rFire   . . .      SeeInvis .   a - +0 shortbow
rCold   . . .      Faith    .   (shield currently unavailable)
rNeg    . . .      Spirit   .   r - +0 scale mail
rPois   .          Reflect  .   (helmet restricted)
rElec   .          Harm     .   (no cloak)
rCorr   .          Rampage  .   d - +2 pair of gloves
Will    .....                   (no boots)
Stlth   +.........              (no amulet)
HPRegen 0.15/turn               (no ring)
MPRegen 0.09/turn               (no ring)

@: no status effects
A: horns 2, retaliatory headbutt
a: no special abilities


You were on level 4 of the Dungeon.
You visited 1 branch of the dungeon, and saw 4 of its levels.

You collected 143 gold pieces.

Inventory:

Hand Weapons
 a - a +0 shortbow (weapon)
Armour
 d - a +2 pair of gloves (worn)
 r - a +0 scale mail (worn)
Jewellery
 c - a +6 ring of strength
Scrolls
 b - a scroll of fog {unknown}
 e - a scroll of teleportation {unknown}
 f - a scroll of acquirement {unknown}
 g - 3 scrolls of fear {unknown}
 k - 4 scrolls of identify {unknown}
 l - 2 scrolls of amnesia {unknown}
 o - a scroll of vulnerability {unknown}
 p - a scroll of noise {unknown}
 q - a scroll of poison {unknown}
 s - a scroll of blinking {unknown}
Potions
 h - 2 potions of lignification {unknown}
 i - a potion of degeneration {unknown}
 j - a potion of ambrosia {unknown}
 m - a potion of mutation {unknown}
 n - a potion of resistance {unknown}


   Skills:
 + Level 4.0 Fighting
 + Level 5.4 Ranged Weapons
 + Level 3.7 Dodging
 + Level 2.5 Stealth


You had 4 spell levels left.
You didn't know any spells.
Your spell library contained the following spells:

 Spells                   Type           Power      Damage    Failure   Level
 Slow                     Hex            0%         N/A       88%         1
 Confusing Touch          Hex            0%         N/A       99%         3
 Gell's Gravitas          Tloc           0%         N/A       99%         3
 Vampiric Draining        Necr           0%         2d6       99%         3
 Iskenderun's Mystic Bla  Conj/Tloc      0%         2d3       100%        4
 Summon Forest            Summ/Tloc      0%         N/A       100%        5
 Dispersal                Tloc           0%         N/A       100%        6


Dungeon Overview and Level Annotations

Branches:
Dungeon (4/15)
 Temple: D:4-7

Altars:
Nemelex Xobeh
Uskayaw

Annotations:
D:4 Pikel


Innate Abilities, Weirdness & Mutations

You have a pair of horns on your head.
You reflexively headbutt those who attack you in melee.


Message History

An orc comes into view. It is wielding a +0 hand axe.
You hear a shout!
You shoot an arrow. The orc shouts!
The arrow hits Pikel!
Pikel is moderately wounded.
You hear a shout!
You shoot an arrow.
The arrow hits Pikel but does no damage.
Pikel is moderately wounded.
Pikel hits you with a +2 whip of freezing.
Pikel freezes you.
Pikel hits you with a +2 whip of freezing.
Pikel freezes you.
Fire: a) +0 shortbow
Press: ? - help, Q - select action Shift-Dir - straight line, f/p - Pikel
Aim: Pikel, wielding a +2 whip of freezing and wearing a +0 robe (moderately wounded, 56% to hit)
You shoot an arrow. The arrow hits Pikel.
Pikel is moderately wounded.
You hear a shout!
Pikel hits you with a +2 whip of freezing.
Pikel freezes you.
Fire: a) +0 shortbow
Press: ? - help, Q - select action Shift-Dir - straight line, f/p - Pikel
Aim: Pikel, wielding a +2 whip of freezing and wearing a +0 robe (moderately wounded, 56% to hit)
You shoot an arrow. The arrow hits Pikel.
Pikel is heavily wounded.
Pikel hits you with a +2 whip of freezing.
Pikel freezes you.
Pikel hits you with a +2 whip of freezing.
* * * LOW HITPOINT WARNING * * *
Pikel freezes you.
* * * LOW HITPOINT WARNING * * *
The lemure shouts!
A ball python comes into view.
The lemure hits you!
* * * LOW HITPOINT WARNING * * *
Pikel attacks as you move away!
Pikel hits you with a +2 whip of freezing!
You die...

. ..# .. ..# ...
##.. .... ...
..... #5#
......###o#
......†!..#
.......##K#
.......##@#####.#
..#.....<.5.5.S.#
.....#######.....
#...# #### ####
## .. #.5####


You could see Pikel, 3 lemures, an orc and a ball python (wandering).

Vanquished Creatures
  A phantom (D:3)
  A scorpion (D:4)
  3 adders
  A worm (D:2)
  A dart slug (D:1)
  An orc (D:3)
  5 endoplasms
  2 giant cockroaches
  4 goblins
  8 hobgoblins
  2 jackals (D:3)
  2 quokkas
  5 ball pythons
  4 bats
  4 frilled lizards
  A kobold (D:1)
  5 rats
50 creatures vanquished.

Notes
Turn   | Place    | Note
-------+----------+-------------------------------------------
     0 | D:1      | safid the Minotaur Hunter began the quest for the Orb.
     0 | D:1      | Reached XP level 1. HP: 18/18 MP: 0/0
    35 | D:1      | Reached skill level 1 in Stealth
    87 | D:1      | Found a faded altar of an unknown god.
   117 | D:1      | Reached XP level 2. HP: 25/25 MP: 1/1
   239 | D:1      | Got the Encyclopedia of Orientation
   933 | D:2      | Reached XP level 3. HP: 31/31 MP: 2/2
  1909 | D:3      | Reached XP level 4. HP: 35/38 MP: 3/3
  2076 | D:3      | Reached skill level 5 in Ranged Weapons
  2213 | D:3      | Found a sparkling altar of Nemelex Xobeh.
  2495 | D:4      | Found a hide-covered altar of Uskayaw.
  2503 | D:4      | Noticed Pikel
  2503 | D:4      | Noticed a lemure
  2503 | D:4      | Noticed a lemure
  2505 | D:4      | Noticed a lemure
  2505 | D:4      | Noticed a lemure
  2506 | D:4      | Noticed a phantom
  2538 | D:3      | Killed a phantom
  2539 | D:3      | Reached XP level 5. HP: 5/46 MP: 4/4
  2939 | D:4      | Mangled by Pikel

Illustrated notes

Levels and vault maps discovered:
D:1:      dpeg_arrival_solitude, layout_loops_ring,
          ebering_ecumenical_altar_webs, st_stairs_1
D:2:      layout_basic, minmay_tetromino_i2
D:3:      layout_loops_corners, nemelex_spade_bored_becter
D:4:      cheibrodos_barr_body, layout_loops_ring, lemuel_doored_altar,
          minmay_temple_entry_stoned_glass, kennysheep_generic_room_12,
          uniq_pikel

Skill      XL: |  1  2  3  4  5 |
---------------+----------------+-----
Stealth        | 1 2 |  2.5
Fighting       | 3 4 |  4.0
Dodging        | 3 |  3.7
Ranged Weapons | 5 |  5.4

Action                   |  1- 3 |  4- 6 || total
-------------------------+-------+-------++-------
 Fire: Shortbow          |    93 |    49 ||   142
Armor: Leather armour    |    12 |       ||    12
       Scale mail        |     3 |    28 ||    31
Dodge: Dodged            |    20 |    21 ||    41
